 Dungeon Crawl Stone Soup version 0.18.1-48-g4cf74bf (webtiles) character file.

68 tyranidshit the Grave Robber (level 4, 0/39 HPs)
             Began as a Deep Dwarf Necromancer on July 11, 2016.
             Was an Initiate of Makhleb.
             Slain by Terence
             ... wielding a cursed -2 morningstar
              (15 damage)
             ... on level 3 of the Dungeon.
             The game lasted 00:08:44 (1545 turns).

tyranidshit the Grave Robber (DDNe)                 Turns: 1545, Time: 00:08:45

Health: 0/39       AC:  2    Str: 11    XL:     4   Next: 1%
Magic:  0/8        EV: 12    Int: 17    God:    Makhleb [......]
Gold:   68         SH:  0    Dex: 13    Spells: 2 memorised, 5 levels left

rFire  . . .     SeeInvis .     k - +0 hand axe
rCold  . . .     Gourm    .     a - +0 robe
rNeg   . . .     Faith    .     (no shield)
rPois  .         Spirit   .     (no helmet)
rElec  .         Dismiss  .     (no cloak)
rCorr  .         Reflect  .     (no gloves)
SustAt .         Harm     .     (no boots)
MR     .....                    (no amulet)
Stlth  ++........               (no ring)
                                (no ring)

@: non-regenerating, not resistant to hostile enchantments, unstealthy
A: damage resistance, recharge devices, sense surroundings 1, slow regeneration
3
a: Device Recharging, Renounce Religion


You were on level 3 of the Dungeon.
You worshipped Makhleb.
Makhleb was noncommittal.
You were not hungry.

You visited 1 branch of the dungeon, and saw 3 of its levels.

You collected 68 gold pieces.

Inventory:

Hand Weapons
 k - a +0 hand axe (weapon)
Armour
 a - a +0 robe (worn)
Wands
 c - a wand of heal wounds (8/9)
Scrolls
 e - a scroll of random uselessness
 i - a scroll of noise
 j - 3 scrolls of identify
Potions
 h - a potion of flight {unknown}
Books
 b - a book of Necromancy

   Spells                             Type                      Level
   a - Pain                           Necromancy                   1
   b - Animate Skeleton               Necromancy                   1
   c - Vampiric Draining              Necromancy                   3
   d - Regeneration                   Charms/Necromancy            3
   e - Animate Dead                   Necromancy                   4
   f - Control Undead                 Necromancy                   4
Miscellaneous
 g - a plain deck of war {the Blade}
Comestibles
 d - a bread ration
 f - a meat ration


   Skills:
 + Level 2.0 Fighting
 - Level 2.1 Dodging
 - Level 2.4 Stealth
 + Level 3.0 Spellcasting
 - Level 4.3 Necromancy


You had 5 spell levels left.
You knew the following spells:

 Your Spells              Type           Power        Failure   Level  Hunger
a - Pain                  Necr           ###.         2%          1    None
b - Vampiric Draining     Necr           ###.......   10%         3    ###....


Dungeon Overview and Level Annotations

Branches:
Dungeon (3/15)

Altars:
Makhleb
Nemelex Xobeh
Qazlal

Annotations:
D:3 Terence


Innate Abilities, Weirdness & Mutations

You are resistant to damage.
You can recharge devices by infusing magical energy.
You passively map a small area around you.
You do not regenerate naturally.


Message History

Press: ? - help, Shift-Dir - straight line, f - you, p - Terence You feel much better.
This wand has 8 charges left.
The bat barely misses you. Terence barely misses you. The adder misses you.
You barely miss Terence.
Terence is moderately wounded.
You hit the bat.
The bat is moderately wounded.
You closely miss the adder.
The adder is moderately wounded.
The bat barely misses you. Terence hits you with a morningstar.
The adder misses you. Terence hits you with a morningstar! The adder bites you.
You hit Terence but do no damage.
Terence is moderately wounded.
You hit the adder.
The adder is moderately wounded.
You miss the bat.
The bat is moderately wounded.
The bat misses you. Terence hits you with a morningstar! The adder bites you.
Terence hits you with a morningstar!
You die...

#....## ##.##..##
##...##..#
##.....##.###### *
###.......#....(.# ,
#....._.....####.########
, ,, #.#.......###
#.......... **
#.##.....######S.########
# *##...##....@@b...# , *
##)###.####..##.....
#.###......# #..# ##.#
#.....#.##### #..#** * *
* #####.#.# .,,.... ,
#.#.##.# #..##* *
#....#.####..# *
#(.#.........# ,
##...#.## #.# *


You could see Terence (berserk), an adder and a bat.

Vanquished Creatures
  3 adders
  4 giant geckos
  A ball python (D:2)
  3 giant cockroaches
  3 goblins
  6 hobgoblins
  8 kobolds
  2 bats
  2 giant newts (D:2)
  5 rats
37 creatures vanquished.

Notes
Turn   | Place    | Note
--------------------------------------------------------------
     0 | D:1      | tyranidshit the Deep Dwarf Necromancer began the quest for the Orb.
     0 | D:1      | Reached XP level 1. HP: 15/15 MP: 3/3
   478 | D:1      | Reached XP level 2. HP: 24/24 MP: 3/5
   522 | D:1      | Reached skill level 1 in Fighting
   699 | D:2      | Reached XP level 3. HP: 28/31 MP: 1/6
   704 | D:2      | Learned a level 3 spell: Vampiric Draining
   730 | D:2      | Found a sparkling altar of Nemelex Xobeh.
  1255 | D:3      | Noticed an ogre
  1326 | D:3      | Found a stormy altar of Qazlal.
  1508 | D:3      | Found a burning altar of Makhleb.
  1512 | D:3      | Reached XP level 4. HP: 35/39 MP: 0/8
  1518 | D:3      | Became a worshipper of Makhleb the Destroyer
  1533 | D:3      | Noticed Terence
  1545 | D:3      | Slain by Terence

Skill      XL: |  1  2  3 |
---------------+----------+-----
Spellcasting   | 2 3 |  3.0
Fighting       | 1 2 |  2.0
Dodging        | |  2.1
Stealth        | |  2.4
Necromancy     | |  4.3

Action                   |  1- 3 |  4- 6 || total
-------------------------+-------+-------++-------
Melee: Club              |     5 |       ||     5
       Short sword       |     2 |       ||     2
       Hand axe          |    40 |     7 ||    47
 Cast: Pain              |    38 |     2 ||    40
       Vampiric Draining |    12 |     1 ||    13
Evoke: Wand              |       |     1 ||     1
  Use: Scroll            |     6 |       ||     6
       Potion            |     2 |       ||     2
 Stab: Sleeping          |     1 |       ||     1
  Eat: Bread ration      |     1 |       ||     1
Armor: Robe              |    17 |     5 ||    22
Dodge: Dodged            |    52 |    24 ||    76
